AoeStats
← YO HOKAGE

Arena

510676090Analyzed
2v2 RM · 6h ago on Oct 2, 2026· 77m 5s· 4 players
Game mode
Random Map
Map size
Medium (4 player)
Population
200
Speed
Normal
Resources
Standard
Victory
Conquest
Starting age
Dark Age
Ending age
Imperial Age
RankedLock teamsTeams togetherTeam positionsShared explorationLock speedFull tech treeHidden civsTurbo modeCheats
Victory
Defeat
🇦🇷 Aztecs · Argentina
1474
+11
🇦🇷 Khmer · Argentina
1238
+57
🇵🇪 Chinese · Peru
1347
-16
🇵🇪 Teutons · Peru
1345
-15
YO HOKAGE
9:38 Feudal Age
14:11 Castle Age
12:34 Double-Bit Axe
13:04 Horse Collar
15:34 Scale Mail Armor
16:25 Forging
16:34 Chain Mail Armor
17:17 Loom
19:22 Man-at-Arms
21:13 Long Swordsman
40:48 Light Cavalry
41:40 Bloodlines
44:10 Forging
45:24 Heavy Plow
45:35 Bow Saw
48:17 Iron Casting
49:39 Wheelbarrow
48:49 Town Watch
48:59 Gold Mining
48:59 Stone Mining
50:42 Fletching
53:27 Imperial Age
52:07 Bodkin Arrow
53:56 Padded Archer Armor
54:20 Ballistics
55:05 Bracer
54:51 Elite Chu Ko Nu
56:19 Conscription
58:22 Leather Archer Armor
59:30 Chemistry
60:20 Ring Archer Armor
66:12 Gold Shaft Mining
66:58 Hand Cart
66:43 Town Patrol
72:23 Blast Furnace
71:29 Scale Barding Armor
FC_FINE02
6:41 Loom
8:51 Feudal Age
9:56 Double-Bit Axe
18:54 Town Watch
22:53 Castle Age
31:01 Forging
32:12 Wheelbarrow
32:33 Bloodlines
32:38 Man-at-Arms
33:04 Gambesons
33:35 Long Swordsman
35:10 Iron Casting
42:44 Imperial Age
41:47 Scale Mail Armor
41:53 Scale Barding Armor
42:01 Squires
41:46 Arson
42:14 Gold Mining
42:14 Stone Mining
42:09 Horse Collar
42:41 Bow Saw
43:03 Cavalier
44:25 Stone Shaft Mining
43:54 Heavy Plow
43:45 Two-Handed Swordsman
45:58 Blast Furnace
45:13 Chain Mail Armor
46:13 Chain Barding Armor
46:25 Crop Rotation
47:01 Paladin
50:30 Hand Cart
54:23 Plate Barding Armor
62:15 Fletching
70:50 Bodkin Arrow
70:29 Crossbowman
75:30 Fortified Wall
75:41 Ballistics
MauV
10:34 Feudal Age
14:43 Castle Age
13:31 Double-Bit Axe
15:23 Scale Mail Armor
17:13 Squires
18:49 Loom
18:57 Gold Mining
19:18 Bow Saw
22:32 Arson
24:07 Man-at-Arms
25:03 Chain Mail Armor
26:06 Sanctity
28:38 Fervor
31:05 Horse Collar
33:47 Wheelbarrow
33:27 Town Watch
35:02 Redemption
38:41 Imperial Age
36:55 Hand Cart
36:19 Pikeman
37:10 Forging
40:19 Block Printing
40:40 Theocracy
40:49 Gold Shaft Mining
41:08 Illumination
45:23 Plate Mail Armor
45:14 Stone Mining
47:14 Iron Casting
46:27 Gambesons
50:47 Blast Furnace
49:17 Capped Ram
49:55 Fletching
50:04 Elite Jaguar Warrior
51:05 Conscription
51:06 Garland Wars
52:43 Siege Ram
57:12 Onager
58:02 Bodkin Arrow
58:22 Eagle Warrior
61:04 Bracer
61:28 Heavy Plow
61:51 Siege Onager
63:16 Padded Archer Armor
62:59 Treadmill Crane
63:15 Murder Holes
63:42 Ballistics
63:30 Siege Engineers
67:20 Chemistry
ramiromartinez0507
10:07 Feudal Age
12:04 Feudal Age
14:48 Double-Bit Axe
15:34 Loom
Connection lost

Rejoining the realm…

Still unreachable

The connection could not be restored.

Session expired

The server has moved on; the page needs a fresh start.